 Dungeon Crawl Stone Soup version 0.27-a0-1196-g3e9cee4cb2 (webtiles) character file.

Game seed: 12276906091575082462

1458 avis the Reanimator (level 8, -2/60 (67) HPs)
             Began as a Deep Dwarf Necromancer on May 29, 2021.
             Was an Initiate of Makhleb.
             Slain by a wight
             ... wielding a +2 flail
              (12 damage)
             ... on level 5 of the Dungeon.
             The game lasted 00:43:10 (7602 turns).

avis the Reanimator (Deep Dwarf Necromancer)        Turns: 7602, Time: 00:43:10

HP:   -2/60 (67)    AC: 10    Str: 12    XL:     8   Next: 47%
MP:   6/11          EV: 11    Int: 18    God:    Makhleb [......]
Gold: 43            SH:  0    Dex: 13    Spells: 7/11 levels left

rFire    . . .     SeeInvis .   w - +0 flail (vorpal)
rCold    . . .     Faith    .   (no shield)
rNeg     . . .     Spirit   .   H - +1 ring mail {rPois}
rPois    +         Reflect  .   p - +0 helmet
rElec    .         Harm     .   (no cloak)
rCorr    .         Rampage  .   C - +2 pair of gloves
Will     +....                  (no boots)
Stlth    ++........             (no amulet)
HPRegen  0.00/turn              (no ring)
MPRegen  0.12/turn              (no ring)

@: heavily drained
A: damage resistance, heal wounds, sense surroundings 1, no regeneration
a: Heal Wounds, Renounce Religion


You were on level 5 of the Dungeon.
You worshipped Makhleb.
Makhleb was noncommittal.
You visited 2 branches of the dungeon, and saw 7 of its levels.

You collected 258 gold pieces.
You spent 215 gold pieces at shops.

Inventory:

Hand Weapons
 a - a +0 vampiric whip
 b - a +1 whip of flaming
 g - a +0 shortbow
 w - a +0 vorpal flail (weapon)
 D - a +0 broad axe
 F - a +2 spear of venom
 G - a +2 short sword of draining
Missiles
 e - 17 arrows
 m - 19 stones
 o - 4 atropa-tipped darts
 t - 7 javelins (quivered)
 A - 8 poisoned darts
Armour
 p - a +0 helmet (worn)
 C - a +2 pair of gloves (worn)
 H - a +1 ring mail of poison resistance (worn)
Jewellery
 l - a ring of flight
 E - an amulet of guardian spirit
Wands
 v - a wand of mindburst (17)
Scrolls
 c - a scroll of teleportation {unknown}
 i - a scroll of blinking {unknown}
 j - a scroll of fog {unknown}
 k - a scroll of brand weapon {unknown}
 n - a scroll of acquirement {unknown}
 B - a scroll of enchant armour {unknown}
Potions
 d - 3 potions of lignification
 f - 2 potions of invisibility
 h - a potion of mutation {unknown}
 s - a potion of curing {unknown}
 x - a potion of resistance {unknown}
 z - a potion of flight {unknown}


   Skills:
 - Level 2.0 Fighting
 * Level 5.4 Maces & Flails
 - Level 3.0 Dodging
 - Level 3.0 Stealth
 - Level 2.0 Spellcasting
 + Level 8.7 Necromancy
 + Level 5.5 Evocations


You had 7 spell levels left.
You knew the following spells:

 Your Spells              Type           Power      Damage    Failure   Level
a - Pain                  Necr           100%       1d9       1%          1
d - Vampiric Draining     Necr           16%        2d8       3%          3

Your spell library contained the following spells:

 Spells                   Type           Power      Damage    Failure   Level
 Animate Skeleton         Necr           66%        N/A       1%          1
 Animate Dead             Necr           16%        N/A       11%         4
 Agony                    Necr           33%        N/A       30%         5


Dungeon Overview and Level Annotations

Branches:
Dungeon (6/15)             Temple (1/1) D:5

Altars:
Cheibriados
Dithmenos
Elyvilon
Fedhas
Gozag
Hepliaklqana
Kikubaaqudgha
Makhleb
Okawaru
Qazlal
Ru
Sif Muna
Trog
Uskayaw
Vehumet
Wu Jian
Yredelemnul
Zin

Shops:
D:4 ((


Innate Abilities, Weirdness & Mutations

You are resistant to damage.
You can heal yourself by infusing magical energy.
You passively map a small area around you.
You do not regenerate.


Message History

Press: ? - help, Shift-Dir - straight line, f/p - jelly
Aim: a jelly (severely wounded)
You miscast Vampiric Draining.
You are very lightly contaminated with residual magic.
Nothing appears to happen.
The jelly hits you but does no damage.
Casting: Vampiric Draining (dangerous; 3% risk of failure)
Confirm with . or Enter, or press ? or * to list all spells.
Aiming: Vampiric Draining (dangerous; 3% risk of failure)
Press: ? - help, Shift-Dir - straight line, f/p - jelly
Aim: a jelly (severely wounded)
You draw life force from the jelly.
You feel life coursing into your body. The jelly hits you.
The acid corrodes you!
You are splashed with acid!
The wight barely misses you.
Your magical contamination has completely faded away.
There is a stone staircase leading up here.
The wight barely misses you.
You climb upwards.
There is a stone staircase leading down, spattered with blood here.
Things that are here:
a +0 robe; a +0 dire flail You are no longer corroded.
You feel the dreadful sensation subside.
Your +1 whip of flaming bursts into flame!
b - a +1 whip of flaming (weapon)
Things that are here:
a +0 robe; a +0 dire flail Your +1 whip of flaming stops flaming.
w - a +0 vorpal flail (weapon)
The wight hits you with a +2 flail!
* * * LOW HITPOINT WARNING * * *
You feel drained.
You hit the wight.
The wight is moderately damaged.
The wight hits you with a +2 flail.
* * * LOW HITPOINT WARNING * * *
You feel drained.
You hit the wight.
The wight is heavily damaged.
The wight hits you with a +2 flail!
You die...

.#............## #.# #...........
.####.#.####...###[###.......####
.............................# ##
.##.....#######>.#>#.###..##.###.
.##.....# ##.........# #..##.##.#
........# #......#.#.###..##....#
###.....# #........#......#####.#
#.....# #.....######.##.## ##.
#####.#.# ##....@z...[...#.######
........#######.######>..........
#######.........# ############
###########


You could see a wight.

Vanquished Creatures
  Pikel (D:5)
  An ogre (D:3)
  A centaur (D:5)
  A lemure (Temple)
  A bullfrog (D:6)
  2 scorpions
  3 wights (D:5)
  2 hounds (D:6)
  A gnoll shaman (D:4)
  Jessica (D:2)
  Ijyb (D:3)
  Terence (D:2)
  3 iguanas (D:4)
  A scorpion zombie (D:5)
  Robin (D:1)
  7 adders
  5 gnolls
  A shadow imp (D:5)
  4 dart slugs
  6 orcs
  7 ball pythons
  4 bats
  5 endoplasms
  11 giant cockroaches
  17 goblins
  10 hobgoblins
  4 jackals
  5 kobolds
  A quokka (D:3)
  3 frilled lizards
  5 rats
116 creatures vanquished.

Notes
Turn   | Place    | Note
-------+----------+-------------------------------------------
     0 | D:1      | avis the Deep Dwarf Necromancer began the quest for the
                  | Orb.
     0 | D:1      | Reached XP level 1. HP: 15/15 MP: 3/3
   279 | D:1      | Reached XP level 2. HP: 19/22 MP: 1/5
   849 | D:1      | Reached skill level 5 in Necromancy
  1010 | D:1      | Found a faded altar of an unknown god.
  1088 | D:1      | Reached XP level 3. HP: 24/28 MP: 3/6
  1092 | D:1      | Learned a level 3 spell: Vampiric Draining
  1760 | D:2      | Noticed Terence
  2004 | D:2      | Noticed Jessica
  2019 | D:2      | Killed Jessica
  2020 | D:2      | Reached XP level 4. HP: 37/37 MP: 3/7
  2081 | D:2      | Reached skill level 1 in Fighting
  2255 | D:2      | Killed Terence
  2256 | D:2      | Reached skill level 6 in Necromancy
  2585 | D:2      | Noticed Robin
  2823 | D:1      | Killed Robin
  2824 | D:1      | Reached XP level 5. HP: 15/44 MP: 0/8
  4275 | D:3      | Noticed an ogre
  4281 | D:3      | Killed an ogre
  4282 | D:3      | Reached skill level 7 in Necromancy
  4282 | D:3      | Reached XP level 6. HP: 52/52 MP: 9/9
  4395 | D:3      | Noticed Ijyb
  4404 | D:3      | Killed Ijyb
  4959 | D:4      | Found Col Jass's Antique Weapon Shoppe.
  4962 | D:4      | Bought a broad axe for 92 gold pieces
  5158 | D:4      | Found Puohuon's Weapon Shop.
  5455 | D:4      | Reached skill level 1 in Evocations
  5526 | D:5      | Entered Level 5 of the Dungeon
  6043 | D:4      | Reached skill level 1 in Maces & Flails
  6105 | D:5      | Reached XP level 7. HP: 59/60 MP: 10/10
  6266 | D:5      | Found a staircase to the Ecumenical Temple.
  6275 | Temple   | Entered the Ecumenical Temple
  6410 | Temple   | Became a worshipper of Makhleb the Destroyer
  6599 | D:5      | Noticed Pikel
  6621 | D:5      | Killed Pikel
  6622 | D:5      | Reached skill level 8 in Necromancy
  6622 | D:5      | Reached XP level 8. HP: 51/67 MP: 0/11
  7241 | D:6      | Reached skill level 5 in Evocations
  7306 | D:4      | Bought a +0 vampiric whip for 123 gold pieces
  7385 | D:6      | Reached skill level 5 in Maces & Flails
  7602 | D:5      | Slain by a wight

Illustrated notes

Levels and vault maps discovered:
D:1:      dpeg_arrival_windows_large_door, layout_basic,
          chequers_ecumenical_altar_simple, minmay_worlds_worst_comb
D:2:      layout_basic, grunt_ministairs_13, uniq_terence, uniq_jessica,
          uniq_robin
D:3:      minmay_bubble_buster, layout_basic, uniq_ijyb
D:4:      layout_rooms, serial_shops, kennysheep_mini_moat,
          kennysheep_little_box, minmay_door_square, nrook_uturn, st_stairs_12
D:5:      layout_loops_ring, minmay_temple_entry_grid, uniq_pikel
D:6:      layout_cave_pools
Temple:   hc_temple_tempest_star

Skill      XL: |  1  2  3  4  5  6  7  8 |
---------------+-------------------------+-----
Spellcasting   | 2 |  2.0
Necromancy     | 5 6 7 8 |  8.7
Stealth        | 3 |  3.0
Fighting       | 1 2 |  2.0
Dodging        | 3 |  3.0
Evocations     | 2 4 5 |  5.5
Maces & Flails | 1 4 5 |  5.4

Action                   |  1- 3 |  4- 6 |  7- 9 || total
-------------------------+-------+-------+-------++-------
Melee: Unarmed           |     9 |       |       ||     9
       Short sword       |       |    30 |     2 ||    32
       War axe           |       |    48 |       ||    48
       Broad axe         |       |    14 |       ||    14
       Flail             |       |       |    55 ||    55
       Whip              |       |       |    51 ||    51
Throw: Javelin           |       |     7 |       ||     7
 Cast: Pain              |    64 |    18 |       ||    82
       Vampiric Draining |     2 |    53 |    14 ||    69
  Use: Scroll            |       |       |     2 ||     2
 Stab: Sleeping          |       |     2 |     1 ||     3
Armor: Robe              |     3 |     2 |       ||     5
       Ring mail         |       |    52 |    89 ||   141
Dodge: Dodged            |    10 |    86 |    83 ||   179

Table legend: (Time is in decaauts)
 A = Elapsed time spent in this place.
 B = Non-inter-level travel time spent in this place.
 C = Inter-level travel time spent in this place.
 D = Time resting spent in this place.
 E = Time spent auto-exploring this place.
 F = Levels seen in this place.
 G = Mean time per level.
                   A        B        C        D        E       F      G
               +--------+--------+--------+--------+--------+-----+--------+
         Total |   7699 |   7103 |    596 |   2512 |   3134 |   7 | 1099.9 |
       Dungeon |   7341 |   6776 |    565 |   2512 |   2841 |   6 | 1223.5 |
        Temple |    357 |    326 |     31 |      0 |    293 |   1 |  357.0 |
               +--------+--------+--------+--------+--------+-----+--------+

Top non-repeatable levels by time:
     D:1: 2162 daAuts
     D:2: 1751 daAuts
     D:4: 1342 daAuts
     D:5: 1025 daAuts
     D:3: 889 daAuts
  Temple: 357 daAuts
     D:6: 169 daAuts
